 Dungeon Crawl Stone Soup version 0.29.1-1-gd02db6906a (webtiles) character file.

Game seed: 16712652452611601482

1238 Godmorgon the Destroyer (level 8, 0/45 HPs)
             Began as a Tengu Conjurer on Oct 9, 2022.
             Was an Initiate of Vehumet.
             Slain by an unseen horror (3 damage)
             ... on level 5 of the Dungeon.
             The game lasted 00:28:16 (6870 turns).

Godmorgon the Destroyer (Tengu Conjurer)            Turns: 6870, Time: 00:28:17

Health: 0/45       AC:  8    Str: 13    XL:     8   Next: 49%
Magic:  4/18       EV: 15    Int: 24    God:    Vehumet [......]
Gold:   216        SH:  5    Dex: 20    Spells: 14/19 levels left

rFire   + . .      SeeInvis .   a - +6 dagger of Dishonour {spect, Dex+2}
rCold   + . .      Faith    .   y - +0 buckler
rNeg    + . .      Spirit   .   A - +3 leather armour
rPois   +          Reflect  .   (helmet restricted)
rElec   +          Harm     .   s - +0 cloak
rCorr   +          Rampage  .   t - +0 pair of gloves of Jar Joen {Int+2 Dex+6}
Will    .....                   (boots unavailable)
Stlth   ++........              (no amulet)
HPRegen 0.15/turn               n - +6 ring of strength
MPRegen 0.16/turn               q - ring of positive energy

@: resistant, flying quickly and evasively, quick
A: beak, talons 3, nimble flight
a: Renounce Religion


You were on level 5 of the Dungeon.
You worshipped Vehumet.
Vehumet was noncommittal.
You visited 2 branches of the dungeon, and saw 6 of its levels.

You collected 216 gold pieces.

Inventory:

Hand Weapons
 a - the +6 dagger of Dishonour (weapon) {spect, Dex+2}
   (You found it on level 3 of the Dungeon)

   When its wielder attacks, the weapon's spirit leaps out and strikes again.
   The spirit shares a part of any damage it takes with its wielder.
   Dex:       It affects your dexterity (+2).
 b - a +2 whip of electrocution
Missiles
 m - 8 boomerangs
Armour
 s - a +0 cloak (worn)
 t - the +0 pair of gloves of Jar Joen (worn) {Int+2 Dex+6}
   (You found it on level 4 of the Dungeon)

   Int:       It affects your intelligence (+2).
   Dex:       It affects your dexterity (+6).
 y - a +0 buckler (worn)
 A - a +3 leather armour (worn)
Magical Staves
 o - a staff of death
Jewellery
 n - a +6 ring of strength (left hand)
 q - a ring of positive energy (right hand)
 u - an amulet of regeneration
Wands
 r - a wand of digging (1)
Scrolls
 c - 2 scrolls of enchant weapon {unknown}
 d - 2 scrolls of butterflies {unknown}
 i - 3 scrolls of identify {unknown}
 j - a scroll of magic mapping {unknown}
 k - 2 scrolls of teleportation {unknown}
 w - a scroll of poison {unknown}
 x - a scroll of silence {unknown}
 z - a scroll of fear {unknown}
Potions
 e - a potion of ambrosia {unknown}
 f - a potion of flight {unknown}
 g - a potion of cancellation {unknown}
 h - 2 potions of resistance
 l - 2 potions of curing {unknown}
 p - 2 potions of magic
 v - a potion of lignification {unknown}


   Skills:
 * Level 2.6 Fighting
 + Level 2.0 Short Blades
 * Level 2.2 Armour
 + Level 3.1 Dodging
 - Level 2.0 Stealth
 * Level 2.6 Shields
 + Level 6.2 Spellcasting
 + Level 8.2 Conjurations
 + Level 0.8 Air Magic
 + Level 0.3 Poison Magic


You had 14 spell levels left.
You knew the following spells:

 Your Spells              Type           Power      Damage    Failure   Level
d - Magic Dart            Conj           100%       1d8       1%          1
p - Poisonous Vapours     Pois/Air       20%        N/A       16%         2
s - Searing Ray           Conj           92%        2d7       1%          2

Your spell library contained the following spells:

 Spells                   Type           Power      Damage    Failure   Level
 Dazzling Flash           Conj/Hex       54%        N/A       7%          3
 Sting                    Tmut/Pois      32%        1d4       12%         1
 Apportation              Tloc           14%        N/A       13%         1
 Necrotise                Necr           28%        1d5       13%         1
 Summon Small Mammal      Summ           28%        N/A       13%         1
 Sublimation of Blood     Necr           7%         N/A       21%         2
 Wereblood                Tmut           7%         N/A       21%         2
 Fulminant Prism          Conj/Hex       13%        3d9       24%         4
 Iskenderun's Mystic Bla  Conj/Tloc      27%        2d7       24%         4
 Olgreb's Toxic Radiance  Pois           9%         N/A       75%         4
 Passage of Golubria      Tloc           7%         N/A       78%         4
 Silence                  Hex/Air        4%         N/A       96%         5
 Lee's Rapid Deconstruct  Erth           3%         3d6*      98%         5
 Summon Hydra             Summ           3%         N/A       100%        7
 Lehudib's Crystal Spear  Conj/Erth      13%        10d5      100%        8


Dungeon Overview and Level Annotations

Branches:
Dungeon (5/15)             Temple (1/1) D:4

Altars:
Ashenzari
Cheibriados
Dithmenos
Elyvilon
Fedhas
Gozag
Hepliaklqana
Kikubaaqudgha
Makhleb
Nemelex Xobeh
Okawaru
Qazlal
Sif Muna
Trog
Uskayaw
Vehumet
Wu Jian
Xom
Yredelemnul
Zin
The Shining One

Annotations:
D:1 rF+ for items


Innate Abilities, Weirdness & Mutations

You have a beak for a mouth.
You have claws for feet.
Your magical nature lets you fly swiftly and evasively.


Message History

The searing ray hits something. (Press . to maintain the ray.)
Something hits you. Something hits you!
You finish channelling your searing ray.
Something hits you but does no damage.
You can't go up here!
Casting: Searing Ray (safe; 1% risk of failure)
Confirm with . or Enter, or press ? or * to list all spells.
Okay, then.
Something barely misses you. Something hits you. Something hits you.
You barely miss something. Your kick misses something. You peck something.
Your +6 dagger of Dishonour {spect, Dex+2} hits something.
Something barely misses you. Something hits you but does no damage.
You completely miss something. You claw something.
Your +6 dagger of Dishonour {spect, Dex+2} hits something.
Something hits you. Something hits you but does no damage.
You closely miss something. Your kick misses something.
Your peck misses something.
Your +6 dagger of Dishonour {spect, Dex+2} hits something!
Something hits your +6 dagger of Dishonour {spect, Dex+2}!
Your spectral weapon shares its damage with you!
Something hits you! Something hits you.
* * * LOW HITPOINT WARNING * * *
Okay, then.
It was a potion of resistance.
You feel protected. Something hits you.
* * * LOW HITPOINT WARNING * * *
Okay, then.
Okay, then.
Something barely misses you. Something hits you.
* * * LOW HITPOINT WARNING * * *
Something hits you.
You die...

.......#.. .......#.#
......##### ...........
#### ..........[ #..##
#.........[) ####...#
##.........[<
#......##............[.
#..#..@.........#......
#.....#...#.....#.....#
###....#...##.....)....#
##....>....###..........#
##.....#.............##...
#.....##.##...............
##........# .#..........#..
#.>..#....# ###.........##.
#....#.##.###.####...#..#..


There were no monsters in sight!

Vanquished Creatures
  Menkaure (D:4)
  A water moccasin (D:5)
  An ice beast (D:5)
  A centaur (D:5)
  2 scorpions
  A jelly (D:4)
  A gnoll bouda (D:5)
  4 hounds
  3 orc priests
  Crazy Yiuf (D:3)
  2 iguanas (D:5)
  Natasha (thrice) (D:3)
  3 orc wizards
  7 adders
  5 gnolls
  A worm (D:2)
  2 dart slugs
  20 orcs
  4 bats
  9 endoplasms
  3 giant cockroaches
  12 goblins
  11 hobgoblins
  5 kobolds
  A quokka (D:4)
  7 ball pythons
  A frilled lizard (D:2)
  2 rats
114 creatures vanquished.

Vanquished Creatures (others)
  A bat (D:1)
  3 plants (D:1)
  5 withered plants (D:1)
9 creatures vanquished.

Grand Total: 123 creatures vanquished

Notes
Turn   | Place    | Note
-------+----------+-------------------------------------------
     0 | D:1      | Godmorgon the Tengu Conjurer began the quest for the Orb.
     0 | D:1      | Reached XP level 1. HP: 10/10 MP: 4/4
   276 | D:1      | Reached XP level 2. HP: 15/15 MP: 4/6
   328 | D:1      | Learned a level 2 spell: Searing Ray
   598 | D:1      | Reached XP level 3. HP: 19/19 MP: 2/8
  1134 | D:1      | Found a faded altar of an unknown god.
  1911 | D:2      | Reached skill level 6 in Conjurations
  1963 | D:2      | Reached XP level 4. HP: 24/24 MP: 5/10
  2657 | D:3      | Noticed a scorpion
  2660 | D:3      | Killed a scorpion
  2661 | D:3      | Gained mutation: Your magical nature lets you fly swiftly
                  | and evasively. [Tengu growth]
  2661 | D:3      | Reached XP level 5. HP: 26/28 MP: 6/12
  2733 | D:3      | Found a stormy altar of Qazlal.
  3055 | D:3      | Identified the +6 dagger of Dishonour {spect, Dex+2}
  3124 | D:3      | Noticed Natasha
  3130 | D:3      | Killed Natasha
  3232 | D:3      | Found a runed translucent door.
  3233 | D:3      | Noticed Crazy Yiuf
  3272 | D:3      | Noticed Natasha
  3278 | D:3      | Killed Natasha
  3296 | D:3      | Noticed Natasha
  3301 | D:3      | Killed Natasha
  3410 | D:3      | Killed Crazy Yiuf
  3411 | D:3      | Reached XP level 6. HP: 24/32 MP: 4/14
  3571 | D:4      | Noticed Menkaure
  3573 | D:4      | Killed Menkaure
  3574 | D:4      | Reached skill level 5 in Spellcasting
  3574 | D:4      | Reached skill level 7 in Conjurations
  3920 | D:4      | Reached XP level 7. HP: 34/36 MP: 6/16
  4098 | D:4      | Identified the +0 pair of gloves of Jar Joen {Int+2 Dex+6}
  4415 | D:4      | Identified the +4 rapier of World Downfall {freeze, rC++
                  | rN+ rCorr Int-5}
  4906 | D:4      | Found a staircase to the Ecumenical Temple.
  4939 | Temple   | Entered the Ecumenical Temple
  5357 | Temple   | Became a worshipper of Vehumet
  5421 | D:5      | Entered Level 5 of the Dungeon
  5595 | D:4      | Reached skill level 1 in Fighting
  5595 | D:4      | Reached skill level 1 in Shields
  5788 | D:5      | Reached skill level 1 in Short Blades
  5871 | D:5      | Reached skill level 1 in Armour
  5900 | D:5      | Reached skill level 8 in Conjurations
  5900 | D:5      | Reached XP level 8. HP: 38/44 MP: 4/18
  6622 | D:5      | Learned a level 2 spell: Poisonous Vapours
  6870 | D:5      | Slain by an unseen horror

Illustrated notes

Levels and vault maps discovered:
D:1:      amcnicky_arrival_flooded_fountain, layout_basic,
          shapermc_ecumenical_altar_flowoftime, lemuel_flame_loot_1
D:2:      layout_basic
D:3:      layout_basic, mainiacjoe_overflow_brackets, uniq_natasha,
          uniq_crazy_yiuf_cottage
D:4:      layout_basic, minmay_temple_entry_nine_rooms, grunt_ministairs_15,
          uniq_menkaure
D:5:      layout_cave_pools, minmay_liquid_box, chequers_decorated_corner,
          minmay_manual_maat
Temple:   mainiacjoe_temple_big_plus

Skill      XL: |  1  2  3  4  5  6  7  8 |
---------------+-------------------------+-----
Spellcasting   | 3 4 5 6 |  6.2
Conjurations   | 6 7 8 |  8.2
Fighting       | 1 2 |  2.6
Shields        | 1 2 |  2.6
Short Blades   | 1 2 |  2.0
Armour         | 1 2 |  2.2
Dodging        | 3 |  3.1
Stealth        | |  2.0
Air Magic      | |  0.8
Poison Magic   | |  0.3

Action                   |  1- 3 |  4- 6 |  7- 9 || total
-------------------------+-------+-------+-------++-------
Melee: Whip              |    16 |       |       ||    16
       Kick              |     9 |       |     4 ||    13
       Peck              |     8 |       |     4 ||    12
       Punch             |     1 |     1 |       ||     2
       Dagger            |       |     9 |    12 ||    21
 Cast: Magic Dart        |    41 |    40 |    35 ||   116
       Searing Ray       |     4 |    20 |    33 ||    57
       Poisonous Vapours |       |       |     1 ||     1
  Use: Potion            |       |       |     1 ||     1
 Stab: Sleeping          |       |     1 |     2 ||     3
       Distracted        |       |     1 |       ||     1
Armor: Robe              |       |     2 |     5 ||     7
       Leather armour    |       |       |    11 ||    11
Dodge: Dodged            |     1 |     7 |    29 ||    37
Block: Buckler           |       |       |     8 ||     8
